 Seeded DCSS version 0.29-a0-43-g62a80824bf (webtiles) character file.

Game seed: 16603882162921618398 (custom seed)

24 riojii the Skirmisher (level 2, 27/27 HPs)
             Began as a Minotaur Fighter on Feb 2, 2022.
             Quit the game on level 1 of the Dungeon.
             The game lasted 00:02:39 (551 turns).

riojii the Skirmisher (Minotaur Fighter)             Turns: 551, Time: 00:02:39

Health: 27/27      AC:  7    Str: 20    XL:     2   Next: 79%
Magic:  1/1        EV:  9    Int:  5    God:
Gold:   31         SH:  4    Dex:  9    Spells: 1/1 levels left

rFire   . . .      SeeInvis .   a - +0 flail
rCold   . . .      Faith    .   c - +0 buckler
rNeg    . . .      Spirit   .   b - +0 scale mail
rPois   .          Reflect  .   (helmet restricted)
rElec   .          Harm     .   (no cloak)
rCorr   .          Rampage  .   (no gloves)
Will    .....                   (no boots)
Stlth   ..........              (no amulet)
HPRegen 0.09/turn               (no ring)
MPRegen 0.07/turn               (no ring)

@: no status effects
A: horns 2, retaliatory headbutt
a: no special abilities


You were on level 1 of the Dungeon.
You visited 1 branch of the dungeon, and saw 1 of its levels.

You collected 31 gold pieces.

Inventory:

Hand Weapons
 a - a +0 flail (weapon)
Armour
 b - a +0 scale mail (worn)
 c - a +0 buckler (worn)
Scrolls
 f - a scroll of acquirement
 g - a scroll of enchant weapon {unknown}
 h - a scroll of amnesia {unknown}
 i - 3 scrolls of identify {unknown}
Potions
 d - a potion of might
 e - 3 potions of lignification {unknown}


   Skills:
 * Level 4.1 Fighting
 * Level 3.1 Maces & Flails
 + Level 3.8 Armour
 + Level 0.5 Dodging
 + Level 3.8 Shields


You had one spell level left.
You didn't know any spells.
Your spell library contained the following spells:

 Spells                   Type           Power      Damage    Failure   Level
 Call Canine Familiar     Summ           0%         N/A       99%         3
 Portal Projectile        Hex/Tloc       0%         N/A       99%         3
 Leda's Liquefaction      Hex/Erth       0%         N/A       100%        4


Dungeon Overview and Level Annotations

Branches:
Dungeon (1/15)

Altars:


Innate Abilities, Weirdness & Mutations

You have a pair of horns on your head.
You reflexively headbutt those who attack you in melee.


Message History

The ball python closely misses you. You furiously retaliate!
You headbutt the ball python.
You kill the ball python!
The quokka barely misses you.
You barely miss the quokka. Your headbutt misses the quokka.
The hobgoblin hits you but does no damage.
The quokka bites you but does no damage.
The hobgoblin closely misses you.
You closely miss the quokka. The quokka completely misses you.
The hobgoblin hits you but does no damage.
The quokka bites you but does no damage.
You sock the quokka!
You kill the quokka!
You block the hobgoblin's attack.
You hit the hobgoblin.
The hobgoblin is almost dead.
The hobgoblin misses you.
You hit the hobgoblin.
You kill the hobgoblin!
No target in view!
No target in view!
No target in view!
No target in view!
Things that are here:
a ball python corpse; a hobgoblin corpse
Found 22 stones.
Things that are here:
a +0 whip; a kobold skeleton
There is a shaft here.
Done exploring.
Done exploring.
Done exploring.
Done exploring.
Done exploring.
No target in view!
This is a scroll of acquirement!
Something appears at your feet! Something appears at your feet!
Unknown command.
Are you sure you want to abandon this character and quit the game? (Confirm with "yes".)

############ ##...@......## ###
##########............## #..
#......................######..
#..............................
#..........................†...
######.#.......................
##...................####..
##............>....##..# ###
#.................###..#


There were no monsters in sight!

Vanquished Creatures
  6 ball pythons (D:1)
  An endoplasm (D:1)
  A goblin (D:1)
  5 hobgoblins (D:1)
  A quokka (D:1)
  A bat (D:1)
  A frilled lizard (D:1)
  3 kobolds (D:1)
  4 rats (D:1)
23 creatures vanquished.

Notes
Turn   | Place    | Note
-------+----------+-------------------------------------------
     0 | D:1      | riojii the Minotaur Fighter began the quest for the Orb.
     0 | D:1      | Reached XP level 1. HP: 19/19 MP: 0/0
   181 | D:1      | Reached XP level 2. HP: 27/27 MP: 1/1
   239 | D:1      | Found a faded altar of an unknown god.
   313 | D:1      | Reached skill level 4 in Fighting
   549 | D:1      | Identified 3 scrolls of acquirement
   549 | D:1      | Acquired 574 gold pieces
   550 | D:1      | Acquired 728 gold pieces
   551 | D:1      | Quit the game

Illustrated notes

Levels and vault maps discovered:
D:1:      dpeg_arrival_rhombi, layout_rooms, hellmonk_ecumenical_altar_blasted,
          minmay_misc_feat_five, corexii_leaking_fountain,
          minmay_small_reverse_x

Skill      XL: |  1  2 |
---------------+-------+-----
Fighting       | 4 |  4.1
Maces & Flails | 3 |  3.1
Armour         | |  3.8
Dodging        | |  0.5
Shields        | |  3.8

Action                   || total
-------------------------++-------
Melee: Flail             ||    39
       Headbutt          ||     4
  Use: Scroll            ||     2
Armor: Scale mail        ||    16
Dodge: Dodged            ||    24
Block: Buckler           ||     9

Table legend: (Time is in decaauts)
 A = Elapsed time spent in this place.
 B = Non-inter-level travel time spent in this place.
 C = Inter-level travel time spent in this place.
 D = Time resting spent in this place.
 E = Time spent auto-exploring this place.
 F = Levels seen in this place.
 G = Mean time per level.
                   A        B        C        D        E       F      G
               +--------+--------+--------+--------+--------+-----+--------+
         Total |    562 |    562 |      0 |      0 |    453 |   1 |  562.0 |
       Dungeon |    562 |    562 |      0 |      0 |    453 |   1 |  562.0 |
               +--------+--------+--------+--------+--------+-----+--------+

Top non-repeatable levels by time:
     D:1: 562 daAuts
